 Dungeon Crawl Stone Soup version 0.32-a0-471-gb91d5d9764 (webtiles) character file.

Game seed: 3357728463159909277

338 Armakuni the Ruffian (level 6, -1/47 HPs)
             Began as a Draconian Shapeshifter on Feb 25, 2024.
             Slain by Grinder (6 damage)
             ... while paralysed by Grinder
             ... on level 3 of the Dungeon.
             The game lasted 00:05:35 (2188 turns).

Armakuni the Ruffian (Draconian Shapeshifter)       Turns: 2188, Time: 00:05:35

Health: -1/47      AC:  6    Str: 17    XL:     6   Next: 29%
Magic:  6/6        EV:  2    Int: 12    God:
Gold:   116        SH:  0    Dex: 12    Spells: 5/5 levels left

rFire   . .          .
                       - Unarmed
rCold   . . .        (no shield)
rNeg    . . .        (body armour unavailable)
rPois   .            (helmet currently unavailable)
rElec   .            (cloak currently unavailable)
rCorr   +            (gloves currently unavailable)
SInv    .            (boots currently unavailable)
Will    .....        (no amulet)
Stlth   ++           K - ring of resist corrosion
HPRegen 0.27/turn    (no ring)
MPRegen 0.10/turn

%: no passive effects
@: paralysed, beast-form
A: beast (slay +2), AC +6, unfitting armour, cold-blooded, stinger 1, thin
skeletal structure 1, no potion heal 1
a: Begin Untransformation


You were on level 3 of the Dungeon.
You were a hulking beast.
You visited 1 branch of the dungeon, and saw 3 of its levels.

You collected 116 gold pieces.

Inventory:

Hand Weapons
 b - a +1 dagger of venom
Jewellery
 a - an amulet of reflection
 K - a ring of resist corrosion (left hand)
Talismans
 c - a flux talisman
 j - a beast talisman (active)
Scrolls
 e - 4 scrolls of identify {unknown}
 f - a scroll of vulnerability {unknown}
 g - 2 scrolls of immolation {unknown}
 h - 2 scrolls of enchant weapon {unknown}
 k - a scroll of enchant armour {unknown}


   Skills:
 - Level 1.1 Fighting
 - Level 1.7 Dodging
 + Level 5.4 Unarmed Combat
 + Level 5.1 Shapeshifting


You had 5 spell levels left.
You didn't know any spells.
Your spell library contained the following spells:

 Spells                   Type           Power      Damage    Failure   Level
 Sting                    Conj/Alch      0%         1d3       32%         1
 Mercury Vapours          Alch/Air       0%         N/A       45%         2
 Leda's Liquefaction      Alch/Erth      0%         N/A       97%         4
 Olgreb's Toxic Radiance  Alch           0%         N/A       97%         4
 Passage of Golubria      Tloc           0%         N/A       97%         4
 Lee's Rapid Deconstruct  Erth           0%         3d4*      100%        5
 Silence                  Hex/Air        0%         N/A       100%        5
 Bombard                  Conj/Erth      0%         9d1       100%        6
 Lehudib's Crystal Spear  Conj/Erth      0%         10d2      100%        8


Dungeon Overview and Level Annotations

Branches:
Dungeon (3/15)

Altars:
Cheibriados
Elyvilon
Hepliaklqana

Shops:
D:1 [   D:2 (

Annotations:
D:3 Grinder


Innate Abilities, Weirdness & Mutations

You are a hulking beast.
Your limbs bulge with bestial killing power. (Slay +2)
Your plain brown scales are hard. (AC +6)
You cannot fit into any form of body armour.
You are cold-blooded and may be slowed by cold attacks.
Your tail ends in a venomous barb.
You have a somewhat thin skeletal structure. (Dex +2, Stealth+)
Potions are less effective at restoring your health.


Message History

The jackal bites you but does no damage.
You hit the jackal.
You kill the jackal!
The jackal bites you but does no damage.
You puncture the jackal!
You kill the jackal!
Okay, then.
Your +1 dagger of venom stops dripping with poison.
You are now empty-handed.
You barely miss Grinder.
You tail-slap Grinder, but do no damage.
Grinder hits you!
You writhe in agony.
It was a potion of mutation.
You feel extremely strange.
A venomous barb forms on the end of your tail.
Your system partially rejects the healing effects of potions.
Your bones become slightly less dense.
Grinder says, "Just stop there for a second..."
Grinder hits you.
You writhe in agony.
A hobgoblin comes into view.
Unknown command.
You closely miss Grinder. Grinder hits you.
You writhe in agony.
You hit Grinder.
Grinder is lightly wounded.
Grinder gestures at you. Pain shoots through your body!
* * * LOW HITPOINT WARNING * * *
You hit Grinder. Your punch misses Grinder.
Grinder is lightly wounded.
Grinder gestures at you.
You barely resist. You barely miss Grinder.
Grinder is lightly wounded.
Grinder gestures at you.
You suddenly lose the ability to move!
Grinder hits you but does no damage. Grinder hits you.
* * * LOW HITPOINT WARNING * * *
You writhe in agony.
You die...
Grinder says, "Now the real fun starts!"

## ### .. ###########..
##> #. #.........#.#
....##. #............
.......#######....().....#
.......r5h..............##
.......g#####..........##
........# ##.........###
......:.# #######......
##....... #......##.
##.....(.. #......##.
##.......# #......)..
#........#####......###
### ..... ....#........#


You could see Grinder, a quokka and a hobgoblin.

Vanquished Creatures
  Sigmund (D:2)
  2 orc priests
  Terence (D:2)
  Robin (D:2)
  2 adders
  A ribbon worm (D:3)
  A dart slug (D:1)
  5 orcs
  2 endoplasms (D:3)
  A giant cockroach (D:2)
  11 goblins
  5 hobgoblins
  14 jackals
  A quokka (D:1)
  5 ball pythons
  3 bats
  3 frilled lizards
  2 kobolds (D:1)
  12 rats
73 creatures vanquished.

Notes
Turn   | Place    | Note
-------+----------+-------------------------------------------
     0 | D:1      | Armakuni the Draconian Shapeshifter began the quest for the
                  | Orb.
     0 | D:1      | Reached XP level 1. HP: 16/16 MP: 1/1
   124 | D:1      | Found Ofior's Antique Armour Emporium.
   146 | D:1      | Reached XP level 2. HP: 22/23 MP: 2/2
   579 | D:2      | Reached XP level 3. HP: 19/28 MP: 3/3
   627 | D:2      | Found Fycoeptu's Antique Weapon Shoppe.
   630 | D:2      | Noticed Robin
   675 | D:2      | Killed Robin
   857 | D:2      | Reached XP level 4. HP: 35/35 MP: 4/4
   880 | D:2      | Noticed Terence
   887 | D:2      | Found a white marble altar of Elyvilon.
   901 | D:2      | Identified the +1 leather armour of Utziw {rC+ Int+4}
   901 | D:2      | Noticed Sigmund
   920 | D:2      | Killed Sigmund
   921 | D:2      | Reached skill level 5 in Unarmed Combat
   921 | D:2      | Reached XP level 5. HP: 16/40 MP: 5/5
  1266 | D:3      | Found a hazy altar of Hepliaklqana.
  1425 | D:2      | Killed Terence
  1814 | D:2      | Reached XP level 6. HP: 28/47 MP: 6/6
  1890 | D:3      | Reached skill level 5 in Shapeshifting
  1974 | D:3      | Found a snail-covered altar of Cheibriados.
  2170 | D:3      | Noticed Grinder
  2182 | D:3      | Gained mutation: Your tail ends in a venomous barb. [potion
                  | of mutation]
  2182 | D:3      | Gained mutation: Potions are less effective at restoring
                  | your health. [potion of mutation]
  2182 | D:3      | Gained mutation: You have a somewhat thin skeletal
                  | structure. (Dex +2, Stealth+) [potion of mutation]
  2186 | D:3      | Paralysed by Grinder for 4 turns
  2188 | D:3      | Slain by Grinder

Illustrated notes

Levels and vault maps discovered:
D:1:      wander_arrival_estate, layout_rooms, serial_shops, shop
D:2:      layout_rooms, serial_aquarium, aquarium_bridge_straight
          [aquarium_subvault_bridge, aquarium_subvault_wall,
          aquarium_subvault_bridge, aquarium_subvault_window],
          aquarium_bridge_square [aquarium_subvault_window,
          aquarium_subvault_bridge, aquarium_subvault_balcony,
          aquarium_subvault_bridge], aquarium_window_1, aquarium_window_1,
          aquarium_window_double, aquarium_window_3, aquarium_view_2f,
          aquarium_view_2c, basic_altar, serial_shops, nicolae_shop_stone,
          kennysheep_generic_room_4, uniq_terence, uniq_robin, uniq_sigmund
D:3:      layout_rooms, mainiacjoe_overflow_large_starburst, minmay_between,
          uniq_grinder

Skill      XL: |  1  2  3  4  5  6 |
---------------+-------------------+-----
Unarmed Combat | 4 5 |  5.4
Shapeshifting  | 4 5 |  5.1
Fighting       | |  1.1
Dodging        | |  1.7

Action                     |  1- 3 |  4- 6 || total
---------------------------+-------+-------++-------
  Melee: Unarmed           |   103 |    36 ||   139
         Tailslap          |    10 |     7 ||    17
         Punch             |     1 |     2 ||     3
         Dagger            |       |    43 ||    43
    Use: Potion            |     1 |     4 ||     5
         Scroll            |       |     3 ||     3
   Stab: Sleeping          |     1 |       ||     1
         Invisible         |       |     1 ||     1
 Armour: Skin              |    74 |    51 ||   125
  Dodge: Dodged            |    64 |    59 ||   123

Table legend: (Time is in decaauts)
 A = Elapsed time spent in this place.
 B = Non-inter-level travel time spent in this place.
 C = Inter-level travel time spent in this place.
 D = Time resting spent in this place.
 E = Time spent auto-exploring this place.
 F = Levels seen in this place.
 G = Mean time per level.
                   A        B        C        D        E       F      G
               +--------+--------+--------+--------+--------+-----+--------+
         Total |   2180 |   2044 |    136 |    412 |   1072 |   3 |  726.7 |
       Dungeon |   2180 |   2044 |    136 |    412 |   1072 |   3 |  726.7 |
               +--------+--------+--------+--------+--------+-----+--------+

Top non-repeatable levels by time:
     D:2: 1086 daAuts
     D:1: 702 daAuts
     D:3: 391 daAuts
